[Event "58th Akiba Rubinstein A 2022"]
[Site "Polanica-Zdroj"]
[Date "2022.08.15"]
[Round "3.13"]
[White "Lambrecht, Tomasz"]
[Black "Wolanski, Michal"]
[Result "1-0"]
[ECO "A04"]
[WhiteElo "1956"]
[BlackElo "2005"]
[Annotator "NA RC"]
[PlyCount "43"]
[EventDate "2022.08.13"]
[EventCountry "POL"]
[SourceTitle "playchess.com"]
[Source "ChessBase"]
[SourceQuality "1"]
[TimeControl "40/5400+30:1800+30"]

1. Nf3 c5 2. c4 Nc6 3. e3 Nf6 4. Nc3 g6 5. d4 cxd4 6. exd4 d5 7. cxd5 Nxd5 8. Qb3 Nxc3 9. Bc4 Nd5 10. Bxd5 e6 11. Bxc6+ bxc6 12. O-O Qb6 13. Qe3 $14 Bg7 14. b3 O-O 15. Ba3 Rd8 16. Bc5 Qa5 17. Ne5 Bb7 18. Rfe1 Rd5 19. Nxf7 e5 20. b4 exd4 21. Qe6 Qc7 22. Nd8+ 1-0

[Event "58th Akiba Rubinstein A 2022"]
[Site "Polanica-Zdroj"]
[Date "2022.08.15"]
[Round "3.14"]
[White "Siekanska, Zuzanna"]
[Black "Motyl, Tomasz"]
[Result "0-1"]
[ECO "D31"]
[WhiteElo "1712"]
[BlackElo "1936"]
[Annotator "NA RC"]
[PlyCount "94"]
[EventDate "2022.08.13"]
[EventCountry "POL"]
[SourceTitle "playchess.com"]
[Source "ChessBase"]
[SourceQuality "1"]
[TimeControl "40/5400+30:1800+30"]

1. d4 d5 2. c4 e6 3. Nc3 Be7 4. Nf3 Nf6 5. cxd5 exd5 6. Bg5 h6 7. Bf4 O-O 8. e3 c6 $11 9. Bd3 Be6 10. h3 Nbd7 11. O-O a6 12. Ne5 Nxe5 13. Bxe5 Nd7 14. Bh2 b6 15. Ne2 Re8 16. Rc1 c5 17. dxc5 bxc5 18. Nf4 Qb6 19. b3 Rac8 20. Bb1 Nf6 21. Nxe6 Qxe6 22. Qf3 g6 23. Qf4 Bf8 24. Rfd1 c4 25. bxc4 dxc4 26. Rd4 c3 27. Bg3 Nh5 28. Qf3 Nxg3 29. Qxg3 Bg7 30. Rd6 Qc4 31. Rd7 Qb5 32. Qd6 c2 33. Bxc2 Bb2 34. Rxf7 Kxf7 35. Qxg6+ Kf8 36. Qxh6+ Bg7 37. Qf4+ Kg8 38. g3 Rxc2 39. Rd1 Qc6 40. Qg4 Rc1 41. Rxc1 Qxc1+ 42. Kg2 Qc6+ 43. Kh2 Rb8 44. h4 Rb2 45. Qf5 Qf6 46. Qd5+ Qf7 47. Qxf7+ Kxf7 0-1

[Event "58th Akiba Rubinstein A 2022"]
[Site "Polanica-Zdroj"]
[Date "2022.08.15"]
[Round "3.15"]
[White "Kejna, Piotr"]
[Black "Kazmierowski, Tymon"]
[Result "1-0"]
[ECO "B20"]
[WhiteElo "1970"]
[BlackElo "1961"]
[Annotator "NA RC"]
[PlyCount "73"]
[EventDate "2022.08.13"]
[EventCountry "POL"]
[SourceTitle "playchess.com"]
[Source "ChessBase"]
[SourceQuality "1"]
[TimeControl "40/5400+30:1800+30"]

1. e4 c5 2. b3 e5 3. Bb2 d6 4. Bc4 Nf6 5. d3 Be7 6. Ne2 O-O 7. O-O Nc6 8. Nbc3 Be6 9. f4 Ng4 10. Bc1 $11 Bxc4 11. bxc4 exf4 12. Nd5 Nge5 13. Nexf4 Bg5 14. g3 g6 15. h4 Bxf4 16. Bxf4 f6 17. Bh6 Rf7 18. c3 Nd7 19. h5 Nb6 20. Qg4 Ne5 21. Qe6 Nxd5 22. Qxd5 Qe7 23. Rf4 Re8 24. Raf1 Qe6 25. hxg6 Qxd5 26. cxd5 hxg6 27. Rxf6 Rxf6 28. Rxf6 Kh7 29. Bf4 Nxd3 30. Bxd6 Rxe4 31. Rf7+ Kh6 32. Bf8+ Kg5 33. d6 Ne5 34. Re7 Kf5 35. Kf1 Re3 36. Bg7 Kg4 37. Bxe5 1-0

[Event "58th Akiba Rubinstein A 2022"]
[Site "Polanica-Zdroj"]
[Date "2022.08.15"]
[Round "3.16"]
[White "Nowak, Filip"]
[Black "Walkusz, Witoslaw"]
[Result "1-0"]
[ECO "C78"]
[WhiteElo "1957"]
[BlackElo "2001"]
[Annotator "NA RC"]
[PlyCount "101"]
[EventDate "2022.08.13"]
[EventCountry "POL"]
[SourceTitle "playchess.com"]
[Source "ChessBase"]
[SourceQuality "1"]
[TimeControl "40/5400+30:1800+30"]

1. e4 e5 2. Nf3 Nc6 3. Bb5 a6 4. Ba4 Nf6 5. O-O b5 6. Bb3 Bd6 7. Re1 Bb7 8. d4 O-O 9. c3 Re8 10. Nbd2 Bf8 11. Bc2 d5 12. exd5 Qxd5 13. Bb3 Qd6 14. Ng5 Nd8 15. Ndf3 exd4 16. Rxe8 Nxe8 17. Nxf7 Nxf7 18. Ng5 Bd5 19. Nxf7 Bxf7 20. Bxf7+ Kxf7 21. Qf3+ Nf6 22. Qxa8 dxc3 23. Qf3 cxb2 24. Bxb2 Qd5 25. Qe2 Qe4 26. Qxe4 Nxe4 27. Rd1 Bd6 28. f3 Nc5 29. Ba3 Ke6 30. Bxc5 Bxc5+ 31. Kf1 Bd6 32. g3 c5 33. Ke2 a5 34. Ke3 a4 35. f4 b4 36. Ke4 h5 37. f5+ Kd7 38. Kd5 Be7 39. h3 Kc7 40. g4 hxg4 41. hxg4 Kb6 42. Kc4 Kc6 43. Re1 Bf6 44. Re6+ Kd7 45. Ra6 b3 46. axb3 axb3 47. Kxb3 Ke7 48. Kc4 Bd4 49. Kd5 Kf7 50. g5 g6 51. Ra7+ 1-0

[Event "58th Akiba Rubinstein A 2022"]
[Site "Polanica-Zdroj"]
[Date "2022.08.16"]
[Round "4.1"]
[White "Cyborowski, Lukasz"]
[Black "Razin, Vadim"]
[Result "1-0"]
[ECO "A13"]
[WhiteElo "2483"]
[BlackElo "2428"]
[Annotator "TA"]
[PlyCount "69"]
[EventDate "2022.08.13"]
[EventCountry "POL"]
[SourceTitle "playchess.com"]
[Source "ChessBase"]
[SourceQuality "1"]
[TimeControl "40/5400+30:1800+30"]

1. c4 e6 2. Nc3 d5 3. d4 dxc4 4. e4 a6 5. Bxc4 b5 6. Bb3 {[%emt 0:00:37] White is more active. D20: Queen's Gambit Accepted: 3 e3 and 3 e4.} Bb7 7. Nf3 Nf6 8. e5 ({White should try} 8. O-O $16) 8... Nd5 $11 {[%emt 0:00:50] [#]} 9. Ng5 $146 {[%emt 0:00:47] Strongly threatening Qh5.} ({Predecessor:} 9. Nxd5 Bxd5 10. O-O Be7 11. Bxd5 Qxd5 12. Be3 Nd7 13. Qc2 Rc8 14. Rfd1 O-O 15. a3 {½-½ (83) Matejka,P (1597)-Kutny,M (1961) Slovakia 2019}) 9... Be7 (9... Nxc3 $11 10. bxc3 h6) 10. Qg4 $14 Qd7 {[%emt 0:31:34] White stays focused until the end.} (10... c5 $14) 11. O-O $16 Nxc3 12. bxc3 Bd5 (12... Bxg5 $16 13. Bxg5 Nc6) 13. Ne4 Kf8 (13... Nc6 $16) 14. Ng3 $1 $18 h6 $2 (14... c6 15. Nh5 (15. Bxd5 Qxd5 16. Nh5 g6 $16) 15... g6) 15. Nh5 (15. Bxd5 exd5 16. Nf5 Rg8 17. Nxh6 Qxg4 18. Nxg4 Nd7 $16) 15... g6 16. Nf4 {[%emt 0:00:09] aiming for Bxd5.} h5 17. Qg3 {[%emt 0:04:01] Bxd5 is the strong threat.} Bxb3 18. axb3 Nc6 {[%emt 0:00:53] [#]} 19. Re1 (19. Nxg6+ $142 $1 fxg6 20. Qxg6) 19... g5 {[%emt 0:01:22] [#]} 20. Nh3 b4 21. Bxg5 {[%emt 0:01:58][%cal Od4d5] Hoping for d5!} bxc3 22. Bxe7+ Kxe7 (22... Nxe7 {is a better defense.} 23. Qxc3 Qc6) 23. Qxc3 (23. Qg7 Rhg8 24. Qf6+ Ke8 $16) 23... Nxd4 24. Ng5 Rad8 25. Qc5+ (25. Rxa6 Kf8 26. Ra7 Rc8) 25... Ke8 26. Ne4 (26. Rxa6 Qe7 27. Qc1 Rg8 $18) 26... Qe7 {[%emt 0:00:06] Threatens to win with ...Qxc5.} 27. Qc4 ({Weaker is} 27. Rxa6 Qxc5 28. Nxc5 Ke7 $16) 27... Kf8 28. Rad1 Nb5 (28... Nf5 29. Qxa6 c5) 29. Nf6 {[%emt 0:00:49] White is clearly winning.} (29. Rxd8+ Qxd8 30. Qc1 Qd5 $18) 29... Rh6 30. Qf4 ({Not} 30. Rxd8+ Qxd8 31. Qc1 Rxf6 $18) 30... Rg6 (30... Rh8 $142 31. Qc4 c6 32. Qxc6 Kg7) 31. Qh4 Rh6 32. Qg5 Rh8 {[%emt 0:00:09] [#]} 33. Nh7+ $1 Ke8 34. Qg7 Rxh7 35. Qg8+ {[%emt 0:00:08][%mdl 64] Skewer.  Weighted Error Value: White=0.19 (very precise) /Black=0.42} 1-0

[Event "58th Akiba Rubinstein A 2022"]
[Site "Polanica-Zdroj"]
[Date "2022.08.16"]
[Round "4.2"]
[White "Paprocki, Antoni"]
[Black "Koziorowicz, Michal"]
[Result "0-1"]
[ECO "A40"]
[WhiteElo "1981"]
[BlackElo "2231"]
[Annotator "NA RC"]
[PlyCount "90"]
[EventDate "2022.08.13"]
[EventCountry "POL"]
[SourceTitle "playchess.com"]
[Source "ChessBase"]
[SourceQuality "1"]
[TimeControl "40/5400+30:1800+30"]

1. d4 Nf6 2. c4 e6 3. g3 c5 4. Nf3 d5 5. cxd5 exd5 6. Bg2 $14 Nc6 7. O-O Bg4 8. Ne5 (8. Bg5 $14) 8... Be6 9. Nxc6 bxc6 10. dxc5 Bxc5 11. Qc2 Nd7 12. Nc3 Rc8 13. Bf4 O-O 14. Rfd1 Qa5 15. e4 d4 16. Na4 Bb6 17. Bd6 Rfd8 18. b4 Qa6 19. Bf1 Qb7 20. Nc5 Bxc5 21. bxc5 Qb4 22. Ba6 d3 23. Rxd3 Qxe4 24. Rc3 Qg4 25. Bxc8 Rxc8 26. f3 Qh5 27. Qe4 Nf6 28. Qe5 Qg6 29. Rac1 Re8 30. Re3 h5 31. Qd4 Nd5 32. Ra3 Bh3 33. Qd2 Qf6 34. Rxa7 Re3 35. Bf4 Rxf3 36. Ra8+ Kh7 37. Qc2+ g6 38. Qe2 Qd4+ 39. Kh1 Nxf4 40. gxf4 Rf2 41. Qe5 Bg2+ 42. Kg1 Rf1+ 43. Kxg2 Qf2+ 44. Kh3 Qf3+ 45. Kh4 Qg4# 0-1

[Event "58th Akiba Rubinstein A 2022"]
[Site "Polanica-Zdroj"]
[Date "2022.08.16"]
[Round "4.3"]
[White "Skurniak, Szymon"]
[Black "Siekanska, Maria"]
[Result "0-1"]
[ECO "B91"]
[WhiteElo "2051"]
[BlackElo "1964"]
[Annotator "NA RC"]
[PlyCount "120"]
[EventDate "2022.08.13"]
[EventCountry "POL"]
[SourceTitle "playchess.com"]
[Source "ChessBase"]
[SourceQuality "1"]
[TimeControl "40/5400+30:1800+30"]

1. e4 c5 2. Nf3 d6 3. d4 cxd4 4. Nxd4 Nf6 5. Nc3 a6 6. g3 Nc6 7. Bg2 Bd7 8. Nde2 e6 9. a4 Be7 10. O-O O-O 11. h3 Rb8 12. g4 Bc8 13. Ng3 b5 14. axb5 axb5 15. g5 Nd7 16. f4 b4 17. Nce2 e5 18. Nf5 exf4 19. Nxe7+ Qxe7 20. Nxf4 Nde5 21. Nd5 Qb7 22. Be3 Be6 23. b3 Ra8 24. Qd2 Rxa1 25. Rxa1 Bxh3 26. Qf2 Bxg2 27. Qxg2 Ra8 28. Rf1 Ne7 29. Nf4 Ra2 30. Rd1 Qc6 31. Rd2 N7g6 32. Nxg6 Nxg6 33. Bd4 Nf4 34. Qg4 Ne6 35. e5 dxe5 36. Be3 Ra1+ 37. Kf2 Qb5 38. Qc4 Qxc4 39. bxc4 Kf8 40. c5 Ke7 41. Kf3 Ra5 42. Rh2 Ra2 43. Rd2 b3 44. cxb3 Rxd2 45. Bxd2 Nxc5 46. b4 Nb7 47. b5 Ke6 48. Bb4 f5 49. gxf6 gxf6 50. Kg4 f5+ 51. Kg5 f4 52. Bd2 Kd5 53. b6 Ke4 54. Kg4 h6 55. Bc1 h5+ 56. Kh3 Kf3 57. Bb2 e4 58. Kh4 Ke2 59. Bd4 f3 60. Kg3 e3 0-1

[Event "58th Akiba Rubinstein A 2022"]
[Site "Polanica-Zdroj"]
[Date "2022.08.16"]
[Round "4.4"]
[White "Kowalczyk, Rafal"]
[Black "Kasprzak, Lukasz"]
[Result "1-0"]
[ECO "B22"]
[WhiteElo "2239"]
[BlackElo "1938"]
[Annotator "TA"]
[PlyCount "111"]
[EventDate "2022.08.13"]
[EventCountry "POL"]
[SourceTitle "playchess.com"]
[Source "ChessBase"]
[SourceQuality "1"]
[TimeControl "40/5400+30:1800+30"]

1. e4 c5 2. c3 Nf6 3. e5 Nd5 4. Nf3 d6 5. Bc4 Nb6 6. Bb3 {[%emt 0:00:11] B22: Sicilian: 2 c3.} c4 7. Bc2 dxe5 8. Nxe5 {[%emt 0:01:01] The position is equal.} Qd5 $1 9. Qe2 f6 10. Nf3 Qe6 {[%emt 0:01:17] [#]} 11. Nd4 $146 ({Predecessor:} 11. d4 cxd3 12. Bxd3 Qxe2+ 13. Bxe2 e5 14. Be3 Be6 15. Bxb6 axb6 16. Nbd2 Nc6 17. a3 {½-½ (33) Zhigalko,S (2571)-Sethuraman,S (2638) Moscow 2019}) 11... Qxe2+ 12. Nxe2 e5 $36 {[%emt 0:11:36][%mdl 2048] Black has the initiative.} 13. f4 Nc6 14. f5 (14. b3 $11) 14... Bc5 15. b4 Bd6 16. O-O Ne7 17. a4 a5 18. b5 O-O (18... g6 {looks sharper.} 19. g4 gxf5 20. gxf5 Rg8+) 19. g4 Bd7 20. Ng3 Ned5 21. Ne4 Be7 22. Ba3 Bxa3 ({Black should play} 22... Kf7 $15) 23. Nxa3 $14 Rac8 24. Nd6 Rc7 25. Be4 {[%emt 0:00:06][%cal Oa3c4] Hoping for Naxc4!} Nf4 26. Nxb7 (26. Bxb7 Rd8 $11) 26... Nxa4 (26... Ra8 $1 $11 {remains equal.}) 27. Nxa5 $16 {[%emt 0:00:56] Black is on the road to losing.} Nb6 28. Nc6 Nh3+ 29. Kh1 Ng5 30. Bg2 {[%emt 0:03:44] White is more active.} e4 (30... Bxc6 $16 {keeps fighting.} 31. bxc6 e4) 31. Nd4 $18 Ra8 (31... Re8 $142 32. Rfe1 Nf7 33. Bxe4 (33. Rxe4 Rxe4 34. Bxe4 Ra7 $18) 33... Ra7) 32. Nac2 Rca7 33. h4 Nf3 (33... Rxa1 $142 34. Rxa1 (34. Nxa1 Nf7 $18) 34... Rxa1+ 35. Nxa1 Nf7 36. Bxe4 Nd6) 34. Bxf3 (34. Nxf3 Rxa1 35. Rxa1 (35. Nxa1 exf3 36. Bxf3 Ra2 $14) 35... Rxa1+ 36. Nxa1 exf3 $16) 34... exf3 (34... Rxa1 $2 35. Rxa1 (35. Nxa1 exf3 36. Nac2 Nc8 $18) 35... Rxa1+ 36. Nxa1 $18) 35. Kh2 ({But not} 35. Rxa7 $6 Rxa7 36. Kg1 (36. Rxf3 Nc8 $18) 36... Ra2 $18) 35... Ra2 (35... Rxa1 $2 36. Rxa1 Rxa1 37. Nxa1 $18) 36. Kg3 (36. Rxa2 Rxa2 37. Ra1 (37. Rxf3 Rb2 $16) 37... f2 $18) 36... Kf7 37. Rxa2 Rxa2 38. Ra1 ({Don't play} 38. Kxf3 Ke7 39. Rd1 Kd6 $18) ({Less strong is} 38. Rxf3 Bxb5 39. Nb4 (39. Nxb5 Rxc2 40. Rf2 Rb2 $16) 39... Ra5 $16) 38... Rxa1 39. Nxa1 {[%emt 0:00:07][%mdl 4096] Endgame KBN-KNN} f2 40. Kxf2 Ke7 41. Nac2 Kd6 42. Nb4 Kc5 43. Nbc6 Nd5 44. Nd8 g6 45. fxg6 hxg6 46. h5 gxh5 47. gxh5 {[%emt 0:00:10][%cal Bg4h5,Bh5h6,Bh6h7][%mdl 32] [#] h6 is the strong threat.} Nf4 48. h6 Ng6 49. Ke3 f5 50. N8e6+ Bxe6 51. Nxe6+ {[%emt 0:00:08] White mates.} Kxb5 {[%emt 0:00:05] KN-KN} 52. h7 Kc6 {[%emt 0:00:10] [#]} 53. Nf8 $1 Nh8 (53... f4+ 54. Ke4) 54. Kf4 Kd6 55. Kxf5 Ke7 56. Ng6+ {[%emt 0:00:11] Weighted Error Value: White=0.08 (flawless) /Black=0.30} 1-0

[Event "58th Akiba Rubinstein A 2022"]
[Site "Polanica-Zdroj"]
[Date "2022.08.16"]
[Round "4.5"]
[White "Kolodziejski, Piotr"]
[Black "Dziewonski, Dariusz"]
[Result "1/2-1/2"]
[ECO "C68"]
[WhiteElo "2107"]
[BlackElo "2029"]
[Annotator "NA RC"]
[PlyCount "52"]
[EventDate "2022.08.13"]
[EventCountry "POL"]
[SourceTitle "playchess.com"]
[Source "ChessBase"]
[SourceQuality "1"]
[TimeControl "40/5400+30:1800+30"]

1. e4 e5 2. Nf3 Nc6 3. Bb5 a6 4. Bxc6 dxc6 5. O-O f6 6. d4 exd4 7. Nxd4 c5 8. Ne2 Qxd1 9. Rxd1 Bd7 10. Nbc3 O-O-O 11. Bf4 Ne7 12. Rd2 g5 13. Bg3 Bg7 14. Rad1 h6 15. f3 b6 16. b3 f5 17. Bf2 fxe4 18. fxe4 Bg4 19. h3 Rxd2 20. Rxd2 Be6 21. Nd1 a5 22. Ne3 Rd8 23. Rxd8+ Kxd8 24. Be1 Bd4 25. Nxd4 cxd4 26. Nd1 c5 1/2-1/2

[Event "58th Akiba Rubinstein A 2022"]
[Site "Polanica-Zdroj"]
[Date "2022.08.16"]
[Round "4.6"]
[White "Skrzypczynski, Kacper"]
[Black "Bugajski, Robert"]
[Result "1/2-1/2"]
[ECO "A45"]
[WhiteElo "1793"]
[BlackElo "2075"]
[Annotator "NA RC"]
[PlyCount "66"]
[EventDate "2022.08.13"]
[EventCountry "POL"]
[SourceTitle "playchess.com"]
[Source "ChessBase"]
[SourceQuality "1"]
[TimeControl "40/5400+30:1800+30"]

1. d4 Nf6 2. Bg5 d5 3. Bxf6 gxf6 4. e3 c5 5. dxc5 Nc6 6. c3 e6 7. Nd2 Bxc5 8. Nb3 Be7 9. Qh5 Bd7 10. O-O-O Qc7 11. f4 a5 12. a4 Na7 13. Nd4 Qb6 14. b3 Qc5 15. Kd2 Rc8 16. Rc1 Qa3 17. Bd3 Nc6 18. Nge2 Nxd4 19. Nxd4 f5 20. Bb5 Qd6 21. g4 fxg4 22. Rhg1 Bf6 23. Bxd7+ Qxd7 24. Rxg4 Ke7 25. Nb5 Rc5 26. Rgg1 Rhc8 27. Qe2 h5 28. h3 h4 29. Rg4 Qd8 30. Qd3 Qh8 31. Rc2 Rg8 32. Rc1 Rgc8 33. Rgg1 R8c6 1/2-1/2

[Event "58th Akiba Rubinstein A 2022"]
[Site "Polanica-Zdroj"]
[Date "2022.08.16"]
[Round "4.7"]
[White "Smietanska, Wiktoria"]
[Black "Lambrecht, Tomasz"]
[Result "1/2-1/2"]
[ECO "C07"]
[WhiteElo "1919"]
[BlackElo "1956"]
[Annotator "NA RC"]
[PlyCount "72"]
[EventDate "2022.08.13"]
[EventCountry "POL"]
[SourceTitle "playchess.com"]
[Source "ChessBase"]
[SourceQuality "1"]
[TimeControl "40/5400+30:1800+30"]

1. e4 e6 2. d4 d5 3. Nd2 c5 4. exd5 Qxd5 5. dxc5 Bxc5 6. Ngf3 Nf6 7. Bc4 Qd6 8. O-O O-O 9. Qe2 Qc7 10. b3 b6 11. Bb2 Nbd7 12. Bd3 Bb7 13. c4 Be7 14. Rfe1 Rad8 15. Bc2 Qf4 16. Rad1 Bb4 17. Qe3 Qxe3 18. Rxe3 Nb8 19. a3 Bc5 20. Re2 Nc6 21. b4 Nd4 22. Nxd4 Bxd4 23. Bxd4 Rxd4 24. Rc1 Rfd8 25. Nf1 Ba6 26. b5 Bb7 27. Ne3 Nd7 28. Ra1 Nc5 29. f3 f6 30. a4 a5 31. bxa6 Bxa6 32. a5 Bxc4 33. Nxc4 Rxc4 34. axb6 Rb4 35. Rc1 Rxb6 36. Bxh7+ Kxh7 1/2-1/2

[Event "58th Akiba Rubinstein A 2022"]
[Site "Polanica-Zdroj"]
[Date "2022.08.16"]
[Round "4.8"]
[White "Betkowski, Andrzej"]
[Black "Kejna, Piotr"]
[Result "0-1"]
[ECO "B07"]
[WhiteElo "2063"]
[BlackElo "1970"]
[Annotator "NA RC"]
[PlyCount "72"]
[EventDate "2022.08.13"]
[EventCountry "POL"]
[SourceTitle "playchess.com"]
[Source "ChessBase"]
[SourceQuality "1"]
[TimeControl "40/5400+30:1800+30"]

1. d4 d6 2. e4 Nf6 3. Nc3 g6 4. Be3 c6 5. Qd2 b5 6. f3 Bg7 7. Bd3 Nbd7 8. Nge2 Nb6 9. Bh6 O-O 10. h4 b4 11. Nd1 c5 12. c3 bxc3 13. bxc3 c4 14. Bc2 Nbd7 15. h5 Qa5 16. hxg6 fxg6 17. Bxg7 Kxg7 18. Qh6+ Kf7 19. g4 Ke8 20. f4 Rf7 21. g5 Ng8 22. Qh4 e6 23. Ne3 Nb6 24. Rf1 Ne7 25. Ng4 Nd7 26. Nh6 Rf8 27. f5 exf5 28. exf5 Bb7 29. f6 Nd5 30. Qg3 Kd8 31. Kd2 Kc7 32. f7 Bc6 33. Nf4 Nxf4 34. Rxf4 Rab8 35. Ng4 Qxg5 36. Qf2 Rxf7 0-1

[Event "58th Akiba Rubinstein A 2022"]
[Site "Polanica-Zdroj"]
[Date "2022.08.16"]
[Round "4.9"]
[White "Iwanczuk, Krzysztof"]
[Black "Antoniewicz, Jakub"]
[Result "0-1"]
[ECO "B32"]
[WhiteElo "1947"]
[BlackElo "1931"]
[Annotator "NA RC"]
[PlyCount "78"]
[EventDate "2022.08.13"]
[EventCountry "POL"]
[SourceTitle "playchess.com"]
[Source "ChessBase"]
[SourceQuality "1"]
[TimeControl "40/5400+30:1800+30"]

1. e4 c5 2. Nf3 Nc6 3. d4 cxd4 4. Nxd4 e5 5. Nb5 a6 6. Nd6+ Bxd6 7. Qxd6 Qe7 8. Qd1 Nf6 9. Nc3 d6 10. Bg5 Be6 11. Nd5 Bxd5 12. exd5 Nb8 13. Be2 h6 14. Be3 O-O 15. O-O Nbd7 16. c4 Nh7 17. b4 f5 18. f3 f4 19. Bf2 Ng5 20. Bd3 e4 21. Bxe4 Nxe4 22. Qe2 Rae8 23. Qxe4 Qxe4 24. fxe4 Rxe4 25. Rac1 Ne5 26. c5 Rd8 27. Rfd1 Rxb4 28. cxd6 Nf7 29. Rc7 Nxd6 30. Bc5 Re4 31. Bxd6 Rxd6 32. Rxb7 Re2 33. Rd4 Rg6 34. d6 Rgxg2+ 35. Kf1 Ref2+ 36. Ke1 Rxa2 37. Kf1 Rxh2 38. Kg1 Rag2+ 39. Kf1 f3 0-1

[Event "58th Akiba Rubinstein A 2022"]
[Site "Polanica-Zdroj"]
[Date "2022.08.16"]
[Round "4.10"]
[White "Motyl, Tomasz"]
[Black "Barwinska, Ewa"]
[Result "0-1"]
[ECO "B20"]
[WhiteElo "1936"]
[BlackElo "1940"]
[Annotator "NA RC"]
[PlyCount "64"]
[EventDate "2022.08.13"]
[EventCountry "POL"]
[SourceTitle "playchess.com"]
[Source "ChessBase"]
[SourceQuality "1"]
[TimeControl "40/5400+30:1800+30"]

1. e4 c5 2. c4 Nc6 3. Ne2 e5 4. Nbc3 g6 5. g3 Bg7 6. Bg2 Nge7 7. d3 O-O 8. O-O d6 9. a3 Be6 10. Rb1 a5 11. Nb5 Qd7 12. Nec3 b6 13. Be3 Nd4 14. Bxd4 exd4 15. Ne2 Rad8 16. b4 axb4 17. axb4 Bh3 18. Ra1 Bxg2 19. Kxg2 Ra8 20. Qb3 f5 21. Rxa8 Rxa8 22. f3 Bh6 23. bxc5 bxc5 24. Qb2 Nc6 25. Ra1 Rf8 26. Ra3 fxe4 27. dxe4 Ne5 28. Ra7 Qe6 29. Nc7 Qxc4 30. Nd5 Nxf3 31. Nef4 Bxf4 32. Qb7 Qe2+ 0-1

[Event "58th Akiba Rubinstein A 2022"]
[Site "Polanica-Zdroj"]
[Date "2022.08.16"]
[Round "4.11"]
[White "Rog, Bartlomiej"]
[Black "Nowak, Filip"]
[Result "0-1"]
[ECO "D47"]
[WhiteElo "2091"]
[BlackElo "1957"]
[Annotator "NA RC"]
[PlyCount "66"]
[EventDate "2022.08.13"]
[EventCountry "POL"]
[SourceTitle "playchess.com"]
[Source "ChessBase"]
[SourceQuality "1"]
[TimeControl "40/5400+30:1800+30"]

1. Nf3 d5 2. e3 Nf6 3. c4 c6 4. Nc3 e6 5. d4 Nbd7 6. Bd3 dxc4 7. Bxc4 b5 8. Bd3 Bb7 9. e4 a6 10. e5 Nd5 11. Ng5 Nxc3 12. Qf3 Qe7 13. bxc3 Nb6 14. Nxh7 c5 15. Be4 Bxe4 16. Qxe4 cxd4 17. Nxf8 Kxf8 18. a4 Qc7 19. O-O dxc3 20. axb5 Rh5 21. Rxa6 Rxa6 22. bxa6 Qxe5 23. Qb4+ Kg8 24. g3 Qa5 25. Qe7 Qxa6 26. Qe8+ Kh7 27. Qxf7 Qe2 28. Be3 Nd5 29. Qxe6 Nxe3 30. Qe4+ Rf5 31. Rc1 Qxf2+ 32. Kh1 c2 33. g4 Qf3+ 0-1

[Event "58th Akiba Rubinstein A 2022"]
[Site "Polanica-Zdroj"]
[Date "2022.08.16"]
[Round "4.12"]
[White "Sliwerski, Radoslaw"]
[Black "Majocha, Piotr"]
[Result "0-1"]
[ECO "A52"]
[WhiteElo "1951"]
[BlackElo "2036"]
[Annotator "NA RC"]
[PlyCount "56"]
[EventDate "2022.08.13"]
[EventCountry "POL"]
[SourceTitle "playchess.com"]
[Source "ChessBase"]
[SourceQuality "1"]
[TimeControl "40/5400+30:1800+30"]

1. d4 Nf6 2. c4 e5 3. dxe5 Ng4 4. e3 Nxe5 5. Nh3 Bc5 6. Nc3 O-O 7. Be2 a5 8. Nf4 Nbc6 9. Nb5 Ne7 10. a3 d6 11. O-O N7g6 12. Nxg6 Nxg6 13. Qc2 c6 14. Nc3 f5 15. Na4 Ba7 16. g3 Be6 17. Rd1 Ne5 18. b4 axb4 19. axb4 Qe7 20. Bb2 Ng4 21. b5 f4 22. Qe4 Nxe3 23. b6 Nxd1 24. bxa7 fxg3 25. fxg3 Nf2 26. Qd4 Nh3+ 27. Kh1 Rxa7 28. Qxa7 Bd5+ 0-1

[Event "58th Akiba Rubinstein A 2022"]
[Site "Polanica-Zdroj"]
[Date "2022.08.16"]
[Round "4.13"]
[White "Hetzer, Volkhard"]
[Black "Paszkowski, Krystian"]
[Result "1-0"]
[ECO "A04"]
[WhiteElo "1921"]
[BlackElo "1988"]
[Annotator "NA RC"]
[PlyCount "95"]
[EventDate "2022.08.13"]
[EventCountry "POL"]
[SourceTitle "playchess.com"]
[Source "ChessBase"]
[SourceQuality "1"]
[TimeControl "40/5400+30:1800+30"]

1. Nf3 c5 2. c4 g6 3. Nc3 Bg7 4. e3 Nf6 5. d4 cxd4 6. exd4 d5 7. cxd5 Nxd5 8. Qb3 Nxc3 9. Bc4 O-O 10. bxc3 Nc6 11. Ng5 e6 12. Be2 h6 13. Nf3 b6 14. O-O Qc7 15. Be3 Bb7 16. Rac1 Kh7 17. h4 Qe7 18. Qb1 Kh8 19. Rfe1 Rfd8 20. Bf4 Rac8 21. Bd3 Kg8 22. Re2 Qf6 23. Bg3 Ba8 24. Ba6 Na5 25. Bxc8 Bxf3 26. Re3 Bxg2 27. Bxe6 Bb7 28. Bb3 Nxb3 29. axb3 Qc6 30. Kf1 Qg2+ 31. Ke1 f5 32. Qd3 Rf8 33. Be5 Bxe5 34. Rxe5 Be4 35. Qg3 f4 36. Qxg2 Bxg2 37. c4 Kf7 38. c5 bxc5 39. Rcxc5 Rb8 40. Rb5 Rc8 41. Kd2 a6 42. Rbc5 Rd8 43. Kc3 Kf6 44. Re1 g5 45. hxg5+ hxg5 46. Ree5 Rg8 47. Rf5+ Ke6 48. Rxg5 1-0

[Event "58th Akiba Rubinstein A 2022"]
[Site "Polanica-Zdroj"]
[Date "2022.08.16"]
[Round "4.14"]
[White "Skrzyczek, Tomasz"]
[Black "Czechowski, Jakub"]
[Result "1/2-1/2"]
[ECO "E73"]
[WhiteElo "1909"]
[BlackElo "2003"]
[Annotator "NA RC"]
[PlyCount "122"]
[EventDate "2022.08.13"]
[EventCountry "POL"]
[SourceTitle "playchess.com"]
[Source "ChessBase"]
[SourceQuality "1"]
[TimeControl "40/5400+30:1800+30"]

1. d4 Nf6 2. c4 g6 3. Nc3 Bg7 4. e4 d6 5. Be2 O-O 6. Be3 e5 7. d5 c6 8. g4 cxd5 9. cxd5 a5 10. g5 Ne8 11. h4 Nd7 12. f3 Nc5 13. Nh3 a4 14. Nf2 Qa5 15. Qd2 Bd7 16. Nd3 Nxd3+ 17. Bxd3 Nc7 18. Ne2 Qxd2+ 19. Kxd2 Rfc8 20. Rac1 Bf8 21. Rc2 Na6 22. Rxc8 Rxc8 23. Bxa6 bxa6 24. Rc1 Rb8 25. Rc2 Be7 26. Kc1 Bd8 27. Nc3 f5 28. Bf2 Ba5 29. Be3 Kf7 30. Bd2 Ke7 31. Nd1 Bb6 32. Be3 Bxe3+ 33. Nxe3 fxe4 34. fxe4 Rf8 35. Rc7 Rf4 36. Nc4 Kd8 37. Ra7 Rxe4 38. Nxd6 Rd4 39. Nf7+ Ke8 40. Nxe5 Rxd5 41. Nxd7 Rxd7 42. Rxa6 Rd4 43. h5 gxh5 44. Rh6 Kf7 45. Rxh5 Kg6 46. Rh6+ Kxg5 47. Rxh7 Kf6 48. Kc2 Ke6 49. Kc3 Rg4 50. Rc7 Kd5 51. b3 Rg2 52. bxa4 Rxa2 53. Kb4 Kd6 54. Rc8 Kd7 55. Rc4 Rb2+ 56. Ka3 Rb7 57. a5 Rc7 58. Rb4 Kc8 59. Ka4 Rb7 60. Rh4 Kb8 61. Rh6 Ka7 1/2-1/2